 Dungeon Crawl Stone Soup version 0.16-a0-4115-ga5ed934 (webtiles) character file.

93 toofou the Ducker (level 4, -11/37 HPs)
             Began as a Centaur Wanderer on Mar 1, 2015.
             Mangled by an ogre
             ... wielding a +0 giant club
              (17 damage)
             ... on level 3 of the Dungeon.
             The game lasted 00:08:53 (3648 turns).

toofou the Ducker (Centaur Wanderer)                Turns: 3648, Time: 00:08:54

Health: -11/37     AC:  7    Str: 21    XL:     4   Next: 36%
Magic:  3/3        EV:  6    Int:  9    God:
Gold:   217        SH:  0    Dex: 10    Spells: 0 memorised, 3 levels left

rFire  . . .     SeeInvis .     e - +0 club
rCold  . . .     Clarity  .     p - +0 chain mail
rNeg   . . .     SustAb   .     (no shield)
rPois  .         Gourm    .     (no helmet)
rElec  .         Spirit   .     (no cloak)
rCorr  .         Warding  .     (no gloves)
rMut   .         Stasis   .     (no barding)
MR     .....                    (no amulet)
Stlth  ..........               (no ring)
                                (no ring)

@: mighty, very quick, not resistant to hostile enchantments, extremely
unstealthy
A: hooves 3, deformed body, speed 2, tough skin 3
a: no special abilities


You were on level 3 of the Dungeon.
You were not hungry.

You visited 1 branch of the dungeon, and saw 3 of its levels.

You collected 217 gold pieces.

Inventory:

Hand weapons
 e - a +0 club (weapon)
 m - a +0 dagger
Missiles
 b - 2 throwing nets (quivered)
Armour
 a - a +0 leather armour
 d - a +0 ring mail
 p - a +0 chain mail (worn)
Jewellery
 v - an uncursed amulet of clarity {unknown}
Scrolls
 g - a scroll of immolation
 i - 2 scrolls of fear {unknown}
 j - 2 scrolls of identify
 k - 5 scrolls of remove curse
 r - a scroll of magic mapping {unknown}
 s - 2 scrolls of amnesia {unknown}
Potions
 c - a potion of lignification
 l - 2 potions of brilliance
 n - a potion of degeneration {unknown}
 o - a potion of ambrosia {unknown}
 t - a potion of beneficial mutation {unknown}
 u - 2 potions of heal wounds {unknown}
Comestibles
 f - 2 bread rations
 h - 3 meat rations


   Skills:
 + Level 2.5 Fighting
   Level 1.0 Axes
 + Level 0.3(0.7) Maces & Flails
 + Level 1.3 Throwing
 + Level 1.8 Armour
 + Level 3.1 Dodging
 + Level 0.2 Stealth
 + Level 1.0 Unarmed Combat
   Level 1.0 Evocations


You had 3 spell levels left.
You didn't know any spells.

Dungeon Overview and Level Annotations

Branches:
Dungeon (3/15)

Altars:
Ashenzari
Cheibriados
Elyvilon
Makhleb
Okawaru
Trog
Vehumet
Xom
The Shining One


Innate Abilities, Weirdness & Mutations

You have hooves in place of feet.
Armour fits poorly on your strangely shaped body.
You cover ground very quickly.
You have extremely tough skin (AC +3).


Message History

You hit the adder.
You kill the adder!
There is a collapsed entrance here.
You enter the shallow water.
Moving in this stuff is going to be slow.
An ogre comes into view. It is wielding a giant club.
The ogre shouts!
The ogre moves out of view.
You hit the ogre. You kick the ogre, but do no damage.
The ogre is lightly wounded.
The ogre hits you with a giant club!!
Ouch! That really hurt!
* * * LOW HITPOINT WARNING * * *
You feel very mighty all of a sudden. The ogre hits you with a giant club.
* * * LOW HITPOINT WARNING * * *
You thump the ogre! You kick the ogre!
The ogre is severely wounded.
The ogre hits you with a giant club!
You die...

#....# #....# ### #....#
##.. #...<###########..#
#....#...........##
##..##.......######
#.###.......# ## #.#
#......## ##. #@#
#......#####.. #########O#
#.........###. ##...#...#.#
#######....... ##..........#
###...#.###.
#...........####....###.###.
#...................# #.....
#.........).........# ###...
##..................# #..#
##...#...#.........# #.##


You could see an ogre.

Vanquished Creatures
  3 adders
  A worm (D:3)
  A ball python (D:2)
  6 giant cockroaches
  4 goblins
  7 hobgoblins
  8 kobolds
  7 bats
  2 giant geckos (D:3)
  6 giant newts
  10 jackals
  7 rats
62 creatures vanquished.

Notes
Turn   | Place    | Note
--------------------------------------------------------------
     0 | D:1      | toofou, the Centaur Wanderer, began the quest for the Orb.
     0 | D:1      | toofou set off with: a +0 leather armour, 2 throwing nets, a potion of lignification, a +0 ring mail, a +0 club, a bread ration
     0 | D:1      | Reached XP level 1. HP: 17/17 MP: 1/1
   409 | D:1      | Reached XP level 2. HP: 12/24 MP: 2/2
  1104 | D:1      | Reached XP level 3. HP: 4/29 MP: 3/3
  1711 | D:2      | Reached skill level 3 in Dodging
  2898 | D:3      | Found a snail-covered altar of Cheibriados.
  2899 | D:3      | Found a shimmering altar of Xom.
  2917 | D:3      | Reached XP level 4. HP: 19/37 MP: 3/3
  2922 | D:3      | Found a glowing golden altar of the Shining One.
  2922 | D:3      | Found a bloodstained altar of Trog.
  2922 | D:3      | Found a shattered altar of Ashenzari.
  2924 | D:3      | Found an iron altar of Okawaru.
  2926 | D:3      | Found a white marble altar of Elyvilon.
  3088 | D:3      | Found a burning altar of Makhleb.
  3089 | D:3      | Found a radiant altar of Vehumet.
  3640 | D:3      | Noticed an ogre
  3648 | D:3      | Mangled by an ogre

Action                   |  1- 3 |  4- 6 || total
-------------------------+-------+-------++-------
Melee: Club              |   255 |    49 ||   304
  Use: Scroll            |     4 |       ||     4
       Potion            |     1 |     1 ||     2
  Eat: Bread ration      |     1 |     1 ||     2
